 Dungeon Crawl Stone Soup version 0.21.1-1-g345015f (webtiles) character file.

510 microfolk the Ducker (level 6, -12/48 HPs)
             Began as a Demonspawn Gladiator on Apr 19, 2018.
             Mangled by an ogre
             ... wielding a +0 giant club
              (13 damage)
             ... on level 5 of the Dungeon.
             The game lasted 00:11:51 (4264 turns).

microfolk the Ducker (Demonspawn Gladiator)         Turns: 4264, Time: 00:11:51

Health: -12/48     AC:  7    Str: 16    XL:     6   Next: 98%
Magic:  6/6        EV: 14    Int:  9    God:
Gold:   210        SH:  0    Dex: 15    Spells: 5/5 levels left

rFire    . . .     SeeInvis .   a - +0 long sword
rCold    . . .     Gourm    .   (no shield)
rNeg     . . .     Faith    .   b - +0 leather armour
rPois    .         Spirit   .   c - +1 helmet
rElec    .         Reflect  .   (no cloak)
rCorr    .         Harm     .   (no gloves)
MR       .....                  (no boots)
Stlth    +.........             (no amulet)
HPRegen  0.16/turn              (no ring)
MPRegen  0.10/turn              (no ring)

@: no status effects
A: thin metallic scales 1, spiny 1
a: no special abilities


You were on level 5 of the Dungeon.
You were not hungry.

You visited 1 branch of the dungeon, and saw 5 of its levels.
You also visited: Ossuary.

You collected 210 gold pieces.

Inventory:

Hand Weapons
 a - a +0 long sword (weapon)
 i - a +0 hunting sling
Missiles
 d - 5 throwing nets
 e - 178 stones (quivered)
 h - 51 sling bullets
Armour
 b - a +0 leather armour (worn)
 c - a +1 helmet (worn)
 n - a +0 helmet
 o - a +0 pair of boots
 s - a +0 plate armour
Jewellery
 j - a cursed amulet of inaccuracy {unknown}
 k - an uncursed ring of protection from magic {unknown}
 u - a cursed ring of loudness {unknown}
Wands
 m - a wand of digging (3)
Scrolls
 r - a scroll of enchant weapon {unknown}
 t - a scroll of remove curse {unknown}
 v - a scroll of teleportation {unknown}
 y - a scroll of enchant armour
 A - a scroll of immolation {unknown}
Potions
 g - a potion of might
 l - 3 potions of heal wounds
 p - a potion of lignification
 q - 4 potions of curing
 w - a potion of ambrosia
 x - a potion of agility
 z - a potion of flight {unknown}
 C - a potion of mutation {unknown}
Comestibles
 f - 7 rations
 B - 2 chunks of flesh


   Skills:
 + Level 4.1 Fighting
 + Level 4.2 Long Blades
 - Level 1.7 Throwing
 + Level 3.0 Armour
 + Level 4.3 Dodging


You had 5 spell levels left.
You didn't know any spells.

Dungeon Overview and Level Annotations

Branches:
Dungeon (5/15)
 Temple: D:4-7

Altars:
Elyvilon
Hepliaklqana
Qazlal

Annotations:
D:1 exclusion: downstairs
D:2 exclusion: downstairs
D:3 Grinder


Innate Abilities, Weirdness & Mutations

You are partially covered in thin metallic scales. (AC +2)
You are partially covered in sharp spines.


Message History

Found a dagger.
You see here an arrow.
The centaur shoots an arrow.
The arrow hits you but does no damage.
You see here an arrow.
The centaur shoots an arrow.
The arrow hits you.
* * * LOW HITPOINT WARNING * * *
You see here an arrow.
The centaur shoots an arrow.
The arrow misses you.
The centaur shoots an arrow.
The arrow hits you.
* * * LOW HITPOINT WARNING * * *
You see here 2 arrows.
You hit the ogre.
The ogre is heavily wounded.
The ogre closely misses you.
You barely miss the ogre.
The ogre is heavily wounded.
The giant cockroach bites you.
* * * LOW HITPOINT WARNING * * *
The ogre hits you with a giant club!
You die...

### ## #.####
#. #..#(#
###.#
##(.(s###
.<#.#
##(..cO@.#
....#
##(..####.)#
##.## ##....#
#.#
##..####(.c..#
##
#....##......#
..##.(.......#
## ##....#...#
###.......#
#...?...#


You could see an ogre, a centaur and a giant cockroach.

Vanquished Creatures
  Jessica (D:3)
  3 worker ants (D:4)
  5 big kobold zombies (Ossuary)
  A mummy (Ossuary)
  A worker ant zombie (D:4)
  Robin (D:1)
  3 gnolls (D:3)
  11 adders
  An ooze (D:2)
  An adder skeleton (D:4)
  4 worms
  3 dart slugs
  4 leopard geckos
  2 spectral bats (Ossuary)
  A ball python (D:3)
  7 giant cockroaches
  6 gnoll zombies (Ossuary)
  15 goblins
  10 hobgoblins
  2 jackals (D:1)
  2 quokkas
  6 bats
  4 bat simulacra (Ossuary)
  8 frilled lizards
  A goblin simulacrum (Ossuary)
  4 goblin zombies (Ossuary)
  4 hobgoblin zombies (Ossuary)
  10 kobolds
  4 kobold simulacra (Ossuary)
  5 kobold zombies (Ossuary)
  5 orc zombies (Ossuary)
  5 rats
  2 rat simulacra (Ossuary)
  3 spectral goblins (Ossuary)
  2 spectral kobolds (Ossuary)
  3 spectral rats (Ossuary)
150 creatures vanquished.

Vanquished Creatures (others)
  A gnoll zombie (Ossuary)
  A spectral rat (Ossuary)
2 creatures vanquished.

Grand Total: 152 creatures vanquished

Notes
Turn   | Place    | Note
-------+----------+-------------------------------------------
     0 | D:1      | microfolk the Demonspawn Gladiator began the quest for the Orb.
     0 | D:1      | Reached XP level 1. HP: 16/16 MP: 1/1
   254 | D:1      | Gained mutation: You are partially covered in sharp spines. [demonic ancestry]
   254 | D:1      | Reached XP level 2. HP: 17/22 MP: 2/2
   863 | D:2      | Noticed Robin
   869 | D:1      | Reached skill level 1 in Armour
   879 | D:1      | Reached XP level 3. HP: 27/28 MP: 3/3
  1285 | D:1      | Reached XP level 4. HP: 29/34 MP: 4/4
  1338 | D:1      | Killed Robin
  1635 | D:2      | Found a hazy altar of Hepliaklqana.
  1635 | D:2      | Found a stormy altar of Qazlal.
  2014 | D:2      | Reached XP level 5. HP: 41/41 MP: 5/5
  2406 | D:3      | Noticed Grinder
  2975 | D:3      | Noticed Jessica
  2982 | D:3      | Killed Jessica
  3185 | D:4      | Gained mutation: You are partially covered in thin metallic scales. (AC +2) [demonic ancestry]
  3185 | D:4      | Reached XP level 6. HP: 16/47 MP: 6/6
  3240 | D:4      | Found a sand-covered staircase.
  3265 | Ossuary  | Entered an ossuary
  4125 | D:4      | Found a white marble altar of Elyvilon.
  4239 | D:5      | Entered Level 5 of the Dungeon
  4260 | D:5      | HP: 1/48 [centaur/arrow (6)]
  4264 | D:5      | Mangled by an ogre

Skill      XL: |  1  2  3  4  5  6 |
---------------+-------------------+-----
Dodging        | 3 4 |  4.3
Long Blades    | 3 4 |  4.2
Armour         | 1 2 3 |  3.0
Fighting       | 3 4 |  4.1
Throwing       | |  1.7

Action                   |  1- 3 |  4- 6 || total
-------------------------+-------+-------++-------
Melee: Long sword        |    75 |   240 ||   315
Throw: Stone             |       |    19 ||    19
       Throwing net      |       |     1 ||     1
  Use: Scroll            |       |     8 ||     8
       Potion            |       |     1 ||     1
 Stab: Held in net/web   |       |     2 ||     2
       Distracted        |       |     1 ||     1
  Eat: Chunk             |     1 |     7 ||     8
       Ration            |       |     1 ||     1
Armor: Leather armour    |    23 |    42 ||    65
Dodge: Dodged            |    62 |   145 ||   207
       Rpst.: Long sword |    22 |    42 ||    64
